AoeStats
← I love Activision

Arena

509574943Analyzed
4v4 RM · 6d ago on Sep 27, 2026· 16m 44s· 8 players
Game mode
Random Map
Map size
Large (8 player)
Population
200
Speed
Normal
Resources
Standard
Victory
Conquest
Starting age
Dark Age
Ending age
Imperial Age
RankedLock teamsTeams togetherTeam positionsShared explorationLock speedFull tech treeHidden civsTurbo modeCheats
Victory
Defeat
🇹🇼 Varangians · Taiwan
1404
+15
🇦🇺 Cumans · Australia
1400
+15
🇦🇺 Romans · Australia
1331
+18
🇨🇳 Shu · China
1290
+18
🇨🇳 Slavs · China
1391
-17
🇨🇳 Spanish · China
1387
-17
🇨🇳 Varangians · China
1347
-16
🇪🇸 Bohemians · Spain
1346
-16
WCID
10:49 Feudal Age
14:29 Castle Age
12:56 Stone Mining
15:07 Loom
小蛋总的颜值粉
10:36 Feudal Age
15:02 Castle Age
13:10 Double-Bit Axe
13:30 Horse Collar
DK_Grunchito
11:11 Feudal Age
15:17 Castle Age
13:21 Double-Bit Axe
13:19 Horse Collar
16:16 Wheelbarrow
天才小野狼
11:13 Feudal Age
14:59 Castle Age
13:13 Horse Collar
14:01 Double-Bit Axe
15:21 Town Watch
15:22 Loom
16:01 Bow Saw
cgan13289
10:03 Feudal Age
13:46 Castle Age
12:18 Double-Bit Axe
15:56 Bow Saw
16:58 Loom
i hate activision
10:21 Feudal Age
10:46 Man-at-Arms
12:05 Scale Mail Armor
12:16 Forging
12:05 Loom
15:56 Double-Bit Axe
很蓝的啦
10:06 Feudal Age
11:49 Double-Bit Axe
14:27 Castle Age
12:22 Horse Collar
15:25 Bow Saw
16:15 Heavy Plow
I love Activision
6:16 Loom
9:11 Feudal Age
10:17 Double-Bit Axe
16:43 Horse Collar
Connection lost

Rejoining the realm…

Still unreachable

The connection could not be restored.

Session expired

The server has moved on; the page needs a fresh start.